PCL
SANTA MONICA BRUINS @ REDWOOD CITY REDWOODS
08/10/2027
 
TOP OF THE 1ST
Santa Monica Bruins batting - Pitching for Redwood City Redwoods : RHP Bill Peterson
Pitching: RHP Bill Peterson
Batting: LHB Francisco Medina 0-0: Called Strike
0-1: Ground out 4-3 (Groundball, 4)
Batting: RHB Alfredo López 0-0: Ball
1-0: Called Strike
1-1: Ball
2-1: Fly out, F9 (Flyball, 9S)
Batting: LHB Morgan Wright 0-0: Ball
1-0: Called Strike
1-1: Swinging Strike
1-2: Fly out, F7 (Flyball, 7LS)
Top of the 1st over - 0 run(s), 0 hit(s), 0 error(s), 0 left on base; Santa Monica 0 - Redwood City 0
BOTTOM OF THE 1ST
Redwood City Redwoods batting - Pitching for Santa Monica Bruins : RHP Jesús De Los Santos
Pitching: RHP Jesús De Los Santos
Batting: RHB Javier Ortíz 0-0: Called Strike
0-1: Called Strike
0-2: Fly out, F4 (Line Drive, 4M)
Batting: LHB Keith Green 0-0: Foul Ball, location: 2F
0-1: Ball
1-1: Foul Ball, location: 2F
1-2: Ball
2-2: Strikes out swinging
Batting: RHB Jacob Pope 0-0: Foul Ball, location: 2F
0-1: Ball
1-1: Called Strike
1-2: Strikes out swinging
Bottom of the 1st over - 0 run(s), 0 hit(s), 0 error(s), 0 left on base; Santa Monica 0 - Redwood City 0
TOP OF THE 2ND
Santa Monica Bruins batting - Pitching for Redwood City Redwoods : RHP Bill Peterson
Batting: RHB Luis Martínez 0-0: Called Strike
0-1: Ball
1-1: Ball
2-1: Fly out, F9 (Flyball, 9S)
Batting: RHB George Howard 0-0: Ball
1-0: SINGLE (Line Drive, 34D)
Batting: LHB Ramiro Martínez 0-0: Called Strike
0-1: Ball
Wild Pitch!
George Howard to second
1-1: Ball
2-1: Foul Ball, location: 2F
2-2: DOUBLE (Groundball, 3L)
George Howard scores
Batting: RHB Johnny Williams 0-0: SINGLE (Groundball, 4MD)
Ramiro Martínez to third
Runner from 3rd tries for Home, SAFE, no throw
Batting: SHB Adrián Nieto 0-0: Called Strike
0-1: Ball
1-1: Ball
2-1: Grounds into double play, 3-6-3 (Groundball, 3)
Top of the 2nd over - 2 run(s), 3 hit(s), 0 error(s), 0 left on base; Santa Monica 2 - Redwood City 0
BOTTOM OF THE 2ND
Redwood City Redwoods batting - Pitching for Santa Monica Bruins : RHP Jesús De Los Santos
Batting: LHB Patrick Bright 0-0: Called Strike
0-1: Ball
1-1: Foul Ball, location: 2F
1-2: Fly out, F9 (Flyball, 89M)
Batting: RHB Juan Robles 0-0: Called Strike
0-1: Ground out 6-3 (Groundball, 6)
Batting: LHB Marcos Vázquez 0-0: Foul Ball, location: 2F
0-1: Swinging Strike
0-2: Strikes out swinging
Bottom of the 2nd over - 0 run(s), 0 hit(s), 0 error(s), 0 left on base; Santa Monica 2 - Redwood City 0
TOP OF THE 3RD
Santa Monica Bruins batting - Pitching for Redwood City Redwoods : RHP Bill Peterson
Batting: RHB Bonifacio Torres 0-0: Ball
1-0: SOLO HOME RUN (Line Drive, 7D), Distance : 354 ft
Batting: LHB Francisco Medina 0-0: Ball
1-0: Fly out, F7 (Flyball, 7)
Batting: RHB Alfredo López 0-0: Foul Ball, location: 2F
0-1: Foul Ball, location: 2F
0-2: Ball
1-2: Strikes out swinging
Batting: LHB Morgan Wright 0-0: Ball
1-0: Called Strike
1-1: Swinging Strike
1-2: Foul Ball, location: 2F
1-2: Ball
2-2: Foul Ball, location: 2F
2-2: Ball
3-2: Ground out 4-3 (Groundball, 34)
Top of the 3rd over - 1 run(s), 1 hit(s), 0 error(s), 0 left on base; Santa Monica 3 - Redwood City 0
BOTTOM OF THE 3RD
Redwood City Redwoods batting - Pitching for Santa Monica Bruins : RHP Jesús De Los Santos
Batting: RHB Héctor Vázquez 0-0: Ball
1-0: Called Strike
1-1: SINGLE (Groundball, 56) (infield hit)
Batting: LHB Bernardo Rodríguez 0-0: Foul Ball, location: 2F
0-1: Swinging Strike
0-2: Ball
1-2: Foul Ball, location: 2F
1-2: Strikes out swinging
Batting: RHB Jesús Cuevas 0-0: Ball
1-0: Foul Ball, location: 2F
1-1: Ground out 4-3 (Groundball, 4MS)
Héctor Vázquez to second
Batting: RHB Javier Ortíz 0-0: Called Strike
0-1: Ball
Wild Pitch!
Héctor Vázquez to third
1-1: Ground out 6-3 (Groundball, 6M)
Bottom of the 3rd over - 0 run(s), 1 hit(s), 0 error(s), 1 left on base; Santa Monica 3 - Redwood City 0
TOP OF THE 4TH
Santa Monica Bruins batting - Pitching for Redwood City Redwoods : RHP Bill Peterson
Batting: RHB Luis Martínez 0-0: Called Strike
0-1: Ball
1-1: Called Strike
1-2: SINGLE (Groundball, 56D)
Batting: RHB George Howard 0-0: SINGLE (Flyball, 9S)
Luis Martínez to second
Batting: LHB Ramiro Martínez 0-0: Ball
1-0: Fly out, F8 (Flyball, 89S)
Batting: RHB Johnny Williams 0-0: Called Strike
0-1: Called Strike
0-2: Foul Ball, location: 2F
0-2: Ball
1-2: Strikes out swinging
Batting: SHB Adrián Nieto 0-0: Foul Ball, location: 2F
0-1: Hit by Pitch
Luis Martínez to third
George Howard to second
Batting: RHB Bonifacio Torres 0-0: Called Strike
0-1: Called Strike
0-2: Foul Ball, location: 2F
0-2: Ball
1-2: Ball
2-2: Ball
3-2: Foul Ball, location: 2F
3-2: Base on Balls
Luis Martínez scores
George Howard to third
Adrián Nieto to second
Batting: LHB Francisco Medina 0-0: Ball
1-0: Ground out 1-3 (Groundball, 15)
Top of the 4th over - 1 run(s), 2 hit(s), 0 error(s), 3 left on base; Santa Monica 4 - Redwood City 0
BOTTOM OF THE 4TH
Redwood City Redwoods batting - Pitching for Santa Monica Bruins : RHP Jesús De Los Santos
Batting: LHB Keith Green 0-0: Called Strike
0-1: Swinging Strike
0-2: Ball
1-2: Ball
2-2: Ball
3-2: Base on Balls
Batting: RHB Jacob Pope 0-0: Called Strike
0-1: Foul Ball, location: 2F
0-2: Grounds into double play, 6-4-3 (Groundball, 6)
Batting: LHB Patrick Bright 0-0: Ball
1-0: Fly out, F2 (Popup, 15S)
Bottom of the 4th over - 0 run(s), 0 hit(s), 0 error(s), 0 left on base; Santa Monica 4 - Redwood City 0
TOP OF THE 5TH
Santa Monica Bruins batting - Pitching for Redwood City Redwoods : RHP Bill Peterson
Batting: RHB Alfredo López 0-0: Ball
1-0: Ball
2-0: SINGLE (Line Drive, 8LM)
Batting: LHB Morgan Wright 0-0: Swinging Strike
0-1: Ball
1-1: Swinging Strike
1-2: Ball
2-2: Ball
3-2: Strikes out looking
Batting: RHB Luis Martínez 0-0: Ball
1-0: Foul Ball, location: 2F
1-1: Ball
2-1: Swinging Strike
2-2: Ball
3-2: Base on Balls
Alfredo López to second
Batting: RHB George Howard 0-0: Ball
Alfredo López is caught stealing 3rd base
Luis Martínez to second
1-0: Ball
2-0: SINGLE (Groundball, 6MD)
Luis Martínez to third
Batting: LHB Ramiro Martínez 0-0: Called Strike
0-1: Ball
1-1: Ball
2-1: Foul Ball, location: 2F
2-2: Ball
3-2: Strikes out swinging
Top of the 5th over - 0 run(s), 2 hit(s), 0 error(s), 2 left on base; Santa Monica 4 - Redwood City 0
BOTTOM OF THE 5TH
Redwood City Redwoods batting - Pitching for Santa Monica Bruins : RHP Jesús De Los Santos
Batting: RHB Juan Robles 0-0: Ball
1-0: Ball
2-0: Foul Ball, location: 2F
2-1: Foul Ball, location: 2F
2-2: Strikes out swinging
Batting: LHB Marcos Vázquez 0-0: SINGLE (Line Drive, 7S)
Batting: RHB Héctor Vázquez 0-0: Ball
1-0: SINGLE (Flyball, 9LS)
Marcos Vázquez to second
Runner from 2nd tries for 3rd, SAFE, no throw
Batting: LHB Bernardo Rodríguez 0-0: Called Strike
0-1: Swinging Strike
0-2: Foul Ball, location: 2F
0-2: Ball
1-2: Ball
2-2: SINGLE (Line Drive, 7S)
Marcos Vázquez scores
Héctor Vázquez to second
Batting: RHB Jesús Cuevas 0-0: Swinging Strike
0-1: Ball
1-1: Ball
2-1: Ball
3-1: Foul Ball, location: 2F
3-2: SINGLE (Line Drive, 4M)
Héctor Vázquez to third
Bernardo Rodríguez to second
Runner from 3rd tries for Home, SAFE, no throw
Batting: RHB Javier Ortíz 0-0: Called Strike
0-1: Ball
1-1: Foul Ball, location: 2F
1-2: Grounds into double play, 5-4-3 (Groundball, 5)
Bottom of the 5th over - 2 run(s), 4 hit(s), 0 error(s), 1 left on base; Santa Monica 4 - Redwood City 2
TOP OF THE 6TH
Santa Monica Bruins batting - Pitching for Redwood City Redwoods : RHP Bill Peterson
Batting: RHB Johnny Williams 0-0: Ground out 4-3 (Groundball, 4M)
Batting: SHB Adrián Nieto 0-0: Ball
1-0: Foul Ball, location: 2F
1-1: Ground out U3 (Groundball, 3L)
Batting: RHB Bonifacio Torres 0-0: Ball
1-0: Swinging Strike
1-1: Ball
2-1: Fly out, F5 (Popup, 56)
Top of the 6th over - 0 run(s), 0 hit(s), 0 error(s), 0 left on base; Santa Monica 4 - Redwood City 2
BOTTOM OF THE 6TH
Redwood City Redwoods batting - Pitching for Santa Monica Bruins : RHP Jesús De Los Santos
Batting: LHB Keith Green 0-0: Foul Ball, location: 2F
0-1: Ball
1-1: Ball
2-1: SINGLE (Groundball, 56D)
Batting: RHB Jacob Pope 0-0: Ball
1-0: Called Strike
1-1: Ball
2-1: Foul Ball, location: 2F
2-2: Strikes out swinging
Batting: LHB Patrick Bright 0-0: Ball
1-0: Ball
2-0: SINGLE (Line Drive, 6MD)
Keith Green to second
Batting: RHB Juan Robles 0-0: Ball
1-0: Ball
2-0: Foul Ball, location: 2F
2-1: Ground out 5-3 (Groundball, 56S)
Keith Green to third
Patrick Bright to second
Batting: LHB Marcos Vázquez 0-0: Ground out 3-1 (Groundball, 34)
Bottom of the 6th over - 0 run(s), 2 hit(s), 0 error(s), 2 left on base; Santa Monica 4 - Redwood City 2
TOP OF THE 7TH
Santa Monica Bruins batting - Pitching for Redwood City Redwoods : RHP Bill Peterson
Pitching: LHP Sam McMillan
Batting: LHB Francisco Medina 0-0: Ball
1-0: Ball
2-0: Ball
3-0: Base on Balls
Batting: RHB Alfredo López 0-0: Ball
1-0: Sac Bunt - play at first, batter OUT! 2-4
Francisco Medina to second
Batting: LHB Morgan Wright 0-0: Ball
1-0: Called Strike
1-1: Ball
2-1: Ball
3-1: Base on Balls
Batting: RHB Luis Martínez 0-0: Fly out, F7 (Flyball, 7S)
Batting: RHB George Howard 0-0: Swinging Strike
0-1: Ball
1-1: Called Strike
1-2: Foul Ball, location: 2F
1-2: Ball
2-2: Strikes out looking
Top of the 7th over - 0 run(s), 0 hit(s), 0 error(s), 2 left on base; Santa Monica 4 - Redwood City 2
BOTTOM OF THE 7TH
Redwood City Redwoods batting - Pitching for Santa Monica Bruins : RHP Jesús De Los Santos
Pitching: RHP Jorge Hernández
Now at 1B: Noriaki Sangi
Now in RF: Ray Burgess
Batting: RHB Héctor Vázquez 0-0: Foul Ball, location: 2F
0-1: Foul Ball, location: 2F
0-2: Strikes out swinging
Batting: LHB Bernardo Rodríguez 0-0: Fly out, F9 (Line Drive, 9D)
Batting: RHB Jesús Cuevas 0-0: Ball
1-0: Swinging Strike
1-1: Ball
2-1: Foul Ball, location: 2F
2-2: Strikes out swinging
Bottom of the 7th over - 0 run(s), 0 hit(s), 0 error(s), 0 left on base; Santa Monica 4 - Redwood City 2
TOP OF THE 8TH
Santa Monica Bruins batting - Pitching for Redwood City Redwoods : LHP Sam McMillan
Batting: LHB Ramiro Martínez 0-0: Ball
1-0: Ball
2-0: Ball
3-0: Base on Balls
Batting: RHB Johnny Williams 0-0: Called Strike
0-1: Called Strike
0-2: SINGLE (Groundball, 34S) (infield hit)
Ramiro Martínez to second
Pinch Hitting: RHB Mario Beltrán 0-0: Called Strike
0-1: Bunt missed!
Pickoff Throw to Second - Error! E1
Ramiro Martínez to third
Johnny Williams to second
0-2: Foul Ball, location: 2F
0-2: Ball
1-2: Ball
2-2: Strikes out swinging
Batting: RHB Bonifacio Torres 0-0: Intentional Walk
Pinch Hitting: RHB Phil White 0-0: Called Strike
0-1: Ball
1-1: Foul Ball, location: 2F
1-2: Ball
2-2: Ball
3-2: Fly out, F7 (Flyball, 7)
Runner from 3rd tags up, OUT at HOME
Top of the 8th over - 0 run(s), 1 hit(s), 1 error(s), 2 left on base; Santa Monica 4 - Redwood City 2
BOTTOM OF THE 8TH
Redwood City Redwoods batting - Pitching for Santa Monica Bruins : RHP Jorge Hernández
Now at SS: Ken Hernández
Now in LF: Francisco Castillo
Batting: RHB Javier Ortíz 0-0: Called Strike
0-1: Foul Ball, location: 2F
0-2: Fly out, F8 (Flyball, 8LM)
Batting: LHB Keith Green 0-0: Called Strike
0-1: Ball
1-1: Foul Ball, location: 2F
1-2: SINGLE (Groundball, 4MD)
Pitching: RHP Juan González
Batting: RHB Jacob Pope 0-0: Ball
1-0: Fly out, F3 (Popup, 3)
Pitching: LHP Takao Uchida
Batting: LHB Patrick Bright 0-0: Foul Ball, location: 2F
0-1: Swinging Strike
0-2: Ball
1-2: Strikes out swinging
Bottom of the 8th over - 0 run(s), 1 hit(s), 0 error(s), 1 left on base; Santa Monica 4 - Redwood City 2
TOP OF THE 9TH
Santa Monica Bruins batting - Pitching for Redwood City Redwoods : LHP Sam McMillan
Pitching: RHP Pedro Cabrera
Batting: SHB Ray Burgess 0-0: Ball
1-0: Called Strike
1-1: Ball
2-1: Fly out, F7 (Flyball, 7S)
Batting: LHB Morgan Wright 0-0: Ball
1-0: Ball
2-0: DOUBLE (Line Drive, 8LXD)
Batting: LHB Noriaki Sangi 0-0: Intentional Walk
Pitching: RHP David Bishop
Pinch Hitting: LHB Sammy Marshall 0-0: Fielders Choice at 2nd, 3-6 (Groundball, 34)
Morgan Wright to third
Pinch Hitting: LHB Ray Bryant 0-0: Foul Ball, location: 2F
0-1: Swinging Strike
0-2: Strikes out swinging
Top of the 9th over - 0 run(s), 1 hit(s), 0 error(s), 2 left on base; Santa Monica 4 - Redwood City 2
BOTTOM OF THE 9TH
Redwood City Redwoods batting - Pitching for Santa Monica Bruins : LHP Takao Uchida
Pitching: RHP Dave Riley
Now at 2B: Armando Colón
Now in RF: Ray Bryant
Batting: RHB Juan Robles 0-0: Ball
1-0: Called Strike
1-1: Foul Ball, location: 2F
1-2: Foul Ball, location: 2F
1-2: Foul Ball, location: 2F
1-2: Ball
2-2: SINGLE (Groundball, 56D)
Batting: LHB Marcos Vázquez 0-0: Ball
1-0: Fly out, F6 (Line Drive, 6M)
Pinch Hitting: LHB Frank Young 0-0: Ball
1-0: Foul Ball, location: 2F
1-1: SINGLE (Groundball, 56D)
Juan Robles to second
Pinch Hitting: LHB Bill McCraney 0-0: SINGLE (Line Drive, 9S)
Juan Robles to third
Frank Young to second
Pinch Hitting: LHB Richard Olvera 0-0: Called Strike
0-1: Ball
1-1: Swinging Strike
1-2: Foul Ball, location: 2F
1-2: Strikes out swinging
Batting: RHB Javier Ortíz 0-0: Called Strike
0-1: Swinging Strike
0-2: Ball
1-2: Ground out U3 (Groundball, 34S)
Bottom of the 9th over - 0 run(s), 3 hit(s), 0 error(s), 3 left on base; Santa Monica 4 - Redwood City 2
Thursday, March 30th, 2017 - OOTP Baseball 17.12 Build 75